cohdb
Replays
Latest Replays
All Replays
Popular Replays
Top Player Replays
Match Explorer
How It Works
Community
CoH3 Stats
Reddit
Sign in to upload your games and track your stats! →
Sign in with Steam
Match 42654383
Unlisted
Match 42654383
Overview
Messages
Build Orders
End
Construct Barracks
Engineer Squad
Riflemen Squad
Riflemen Squad
Riflemen Squad
Construct Medical Station
Air Support Center
Riflemen Squad
P-47 Strafing Run
Construct Motor Pool
Grenade Package
M1 Anti-tank Gun Team
M24 Chaffee Light Tank
P-47 Strafing Run
M24 Chaffee Light Tank
P-47 Strafing Run
M1918 Browning Automatic Rifles
XuZhongwei
Tom
0
0
Comments
sign in to comment!
No comments posted yet!